 Dungeon Crawl Stone Soup version 0.20.1-1-g8b1a95d (webtiles) character file.

82 Goboxel the Skirmisher (level 4, -2/41 HPs)
             Began as a Hill Orc Abyssal Knight on July 8, 2017.
             Was a Believer of Lugonu.
             Killed from afar by Terence (4 damage)
             ... with a wand of flame (?/48)
             ... on level 2 of the Dungeon.
             The game lasted 00:02:14 (1382 turns).

Goboxel the Skirmisher (Hill Orc Abyssal Knight)    Turns: 1382, Time: 00:02:15

Health: -2/41      AC:  4    Str: 15    XL:     4   Next: 43%
Magic:  6/6        EV: 16    Int: 17    God:    Lugonu [**....]
Gold:   98         SH:  0    Dex: 15    Spells: 3/3 levels left

rFire    . . .     SeeInvis .   a - +1 hand axe
rCold    . . .     Gourm    .   (no shield)
rNeg     . . .     Faith    .   b - +0 leather armour
rPois    .         Spirit   .   g - +0 helmet
rElec    .         Reflect  .   (no cloak)
rCorr    .         Harm     .   (no gloves)
MR       .....                  (no boots)
Stlth    ++........             (no amulet)
Regen    0.2/turn               (no ring)
MPRegen  0.1/turn               (no ring)

@: brilliant, agile
A: no striking features
a: Depart the Abyss, Bend Space, Renounce Religion


You were on level 2 of the Dungeon.
You worshipped Lugonu.
Lugonu was pleased with you.
You were not hungry.

You visited 1 branch of the dungeon, and saw 2 of its levels.
You visited the Abyss 1 time.

You collected 98 gold pieces.

Inventory:

Hand Weapons
 a - a +1 hand axe (weapon)
Armour
 b - a +0 leather armour (worn)
 g - a +0 helmet (worn)
Scrolls
 d - 2 scrolls of blinking {unknown}
 e - 2 scrolls of teleportation {unknown}
 f - 2 scrolls of identify {unknown}
 h - a scroll of fog {unknown}
 k - a scroll of enchant weapon {unknown}
Comestibles
 c - a bread ration
 j - a royal jelly
 m - 2 chunks of flesh


   Skills:
 + Level 4.4 Fighting
 + Level 3.8 Axes
 + Level 3.1 Armour
 - Level 0.7 Dodging
 + Level 3.4 Invocations


You had 3 spell levels left.
You didn't know any spells.

Dungeon Overview and Level Annotations

Branches:
Dungeon (2/15)

Altars:

Annotations:
D:2 Terence


Message History

Terence zaps a wand.
The puff of flame hits you!
* * * LOW HITPOINT WARNING * * *
It was a potion of brilliance.
You feel clever all of a sudden. Terence closely misses you.
You hit Terence but do no damage.
Terence is heavily wounded.
Terence hits you but does no damage.
You hit Terence but do no damage.
Terence is heavily wounded.
Terence hits you with a trident.
* * * LOW HITPOINT WARNING * * *
It was a potion of agility.
You feel agile all of a sudden. Terence hits you with a trident.
* * * LOW HITPOINT WARNING * * *
You hit Terence.
Terence is heavily wounded.
Terence zaps a wand.
The puff of flame hits you!
You die...

#..# #.# #..# #.# #
##.####..## ###.########
...........(# #...........
.....####.#(#####.#.########
#.....)()÷.......#.#
.....####.####.####.#
.........[####.####.# .
##.######@@.....#.#
#.##.##.#.. #####.##.##.###
#......÷(....#
#.###.##.##..# #....# .# #
#..... # ## ##.#### #.#< #.#
#...


You could see Terence.

Vanquished Creatures
  Jessica (D:2)
  3 dart slugs (D:1)
  A leopard gecko (D:1)
  5 bats
  3 giant cockroaches (D:1)
  4 goblins (D:1)
  8 hobgoblins
  4 jackals (D:1)
  6 kobolds
  A quokka (D:2)
  5 frilled lizards
  4 rats
45 creatures vanquished.

Notes
Turn   | Place    | Note
-------+----------+-------------------------------------------
     0 | Abyss:1  | Goboxel the Hill Orc Abyssal Knight began the quest for the Orb.
     0 | Abyss:1  | Reached XP level 1. HP: 19/19 MP: 2/2
    31 | D:1      | Escaped the Abyss
    60 | D:1      | Reached XP level 2. HP: 23/27 MP: 4/4
   396 | D:1      | Reached skill level 4 in Fighting
   397 | D:1      | Reached XP level 3. HP: 24/33 MP: 5/5
   540 | D:1      | Reached ** piety under Lugonu
  1205 | D:2      | Noticed Jessica
  1220 | D:2      | Noticed Terence
  1230 | D:2      | Killed Jessica
  1230 | D:2      | Reached XP level 4. HP: 13/41 MP: 6/6
  1381 | D:2      | HP: 2/41 [Terence/trident (5)]
  1382 | D:2      | Killed from afar by Terence

Skill      XL: |  1  2  3 |
---------------+----------+-----
Axes           | 3 |  3.8
Invocations    | 3 |  3.4
Fighting       | 4 |  4.4
Armour         | 3 |  3.1
Dodging        | |  0.7

Action                   |  1- 3 |  4- 6 || total
-------------------------+-------+-------++-------
Melee: Hand axe          |   134 |    13 ||   147
  Use: Potion            |       |     2 ||     2
  Eat: Chunk             |     1 |     1 ||     2
Armor: Leather armour    |    35 |     2 ||    37
Dodge: Dodged            |    92 |     9 ||   101
